 Dungeon Crawl Stone Soup version 0.18-a0-1425-g646b864 (webtiles) character file.

2046 Oddball22 the Skirmisher (level 9, 0/71 HPs)
             Began as a Demonspawn Gladiator on Feb 27, 2016.
             Was an Initiate of Ru.
             Killed from afar by an orc wizard (10 damage)
             ... with a puff of frost
             ... on level 7 of the Dungeon.
             The game lasted 00:20:07 (7002 turns).

Oddball22 the Skirmisher (Demonspawn Gladiator)     Turns: 7002, Time: 00:20:08

Health: 0/71       AC:  9    Str: 19    XL:     9   Next: 4%
Magic:  8/8        EV: 21    Int: 11    God:    Ru [......]
Gold:   325        SH:  0    Dex: 21    Spells: 0 memorised, 8 levels left

rFire  + + .     SeeInvis .     J - +2 great sword (freeze)
rCold  . . .     Gourm    .     s - +0 leather armour {rF+}
rNeg   . . .     Faith    .     (shield currently unavailable)
rPois  .         Spirit   .     c - +0 helmet
rElec  .         Dismiss  .     e - +1 cloak
rCorr  .         Reflect  .     (no gloves)
SustAt .         Harm     .     E - +0 pair of boots
MR     .....                    (no amulet)
Stlth  ++++......               r - +2 ring of intelligence
                                (no ring)

@: agile, not resistant to hostile enchantments, stealthy
A: icy blue scales 1, fire resistance 1, low mp 1, nightstalker 1, powered by
pain 1, regeneration 1, strong 1, evolution 1
a: Renounce Religion


You were on level 7 of the Dungeon.
You worshipped Ru.
Ru was noncommittal.
You were very hungry.

You visited 2 branches of the dungeon, and saw 8 of its levels.

You collected 325 gold pieces.

Inventory:

Hand Weapons
 t - a +1 dire flail of pain
 B - a +0 quarterstaff of crushing
 J - a +2 great sword of freezing (weapon)
Missiles
 d - 5 throwing nets (quivered)
 h - 4 tomahawks
Armour
 c - a +0 helmet (worn)
 e - a +1 cloak (worn)
 s - a +0 leather armour of fire resistance (worn)
 E - a +0 pair of boots (worn)
Jewellery
 r - a +2 ring of intelligence (right hand)
Wands
 u - a wand of flame (20/48)
 z - a wand of slowing (0/48)
Scrolls
 a - a scroll of enchant armour
 g - 3 scrolls of teleportation
 l - a scroll of enchant weapon {unknown}
 q - 2 scrolls of fear
 w - 2 scrolls of amnesia
 x - 3 scrolls of identify
Potions
 b - a potion of cure mutation {unknown}
 j - a potion of magic {unknown}
 n - a potion of lignification {unknown}
 p - 2 potions of degeneration {unknown}
 A - a potion of mutation {unknown}
 C - a potion of ambrosia {unknown}
Comestibles
 f - 2 bread rations
 k - 3 meat rations
 m - 12 fruits
 D - a royal jelly
 G - a beef jerky
 H - a slice of pizza


   Skills:
 * Level 6.5 Fighting
 - Level 6.3 Long Blades
 - Level 1.7 Throwing
 + Level 5.1 Armour
 + Level 5.5 Dodging


You had 8 spell levels left.
You didn't know any spells.

Dungeon Overview and Level Annotations

Branches:
Dungeon (7/15)             Temple (1/1) D:7

Altars:
Ashenzari
Cheibriados
Dithmenos
Elyvilon
Fedhas
Gozag
Kikubaaqudgha
Makhleb
Nemelex Xobeh
Okawaru
Pakellas
Ru
Sif Muna
Trog
Vehumet
Xom
Yredelemnul
Zin
The Shining One


Innate Abilities, Weirdness & Mutations

You are partially covered in icy blue scales (AC +1).
You are slightly more attuned to the shadows.
You sometimes gain a little power by taking damage.
Your flesh is heat resistant.
Your magical capacity is low (-10% MP).
Your natural rate of healing is unusually fast.
Your muscles are strong. (Str +2)
You evolve.


Message History

You hit the orc wizard. You freeze the orc wizard.
The orc wizard is lightly wounded.
You are feeling very hungry.
The orc wizard hits you with an enchanted dagger.
* * * LOW HITPOINT WARNING * * *
You closely miss the orc wizard.
The orc wizard is lightly wounded.
The orc wizard closely misses you.
The orc wizard hits you but does no damage.
Drink which item? (? for menu, Esc to quit)
It was a potion of curing.
You feel better.
The orc wizard hits you but does no damage.
Drink which item? (? for menu, Esc to quit)
You feel better.
The orc priest mumbles some strange prayers to Beogh against you.
Beogh smites you!
* * * LOW HITPOINT WARNING * * *
The orc wizard gestures at you while chanting.
The puff of frost hits you!
You die...

#.# #.####..# #.# #........
#.# #..###..#
##.###################..#
...(.%....ooo...........#.#
##.....#..o..o............#
#....#.######.####...#.###
#............o###.#.#..###
#...o####...ooo@.........
#.#o. #.#######.#.#..###
o..... #.# ##...#.# ##.#$#
#.# ##.##... #.# #.# ###.#
## #.# #...# #.# #.###
#.#######.# #......##.#


You could see an orc priest, an orc wizard and 2 orcs.

Vanquished Creatures
  Sigmund (D:5)
  Edmund (D:5)
  2 orc warriors
  A sky beast (D:4)
  2 phantoms
  2 ogres
  2 giant frogs (D:6)
  A scorpion (D:5)
  4 wights (D:6)
  2 crimson imps
  2 giant frog zombies
  A quasit (D:3)
  4 orc priests
  2 hounds
  5 orc wizards
  An iguana (D:5)
  3 worker ants
  A hound zombie (D:5)
  9 adders
  An ooze (D:2)
  3 adder zombies
  An adder skeleton (D:5)
  A worm (D:3)
  A dart slug (D:1)
  2 giant geckos (D:1)
  16 orcs
  5 giant cockroaches
  8 goblins
  5 hobgoblins
  4 jackals (D:1)
  4 quokkas
  2 ball pythons
  10 bats
  11 giant newts
  A jackal skeleton (D:3)
  7 kobolds
  7 rats
135 creatures vanquished.

Notes
Turn   | Place    | Note
--------------------------------------------------------------
     0 | D:1      | Oddball22 the Demonspawn Gladiator began the quest for the Orb.
     0 | D:1      | Reached XP level 1. HP: 16/16 MP: 1/1
   260 | D:1      | Gained mutation: You are partially covered in icy blue scales (AC +1). [demonic ancestry]
   260 | D:1      | Reached XP level 2. HP: 22/22 MP: 2/2
   610 | D:1      | Reached skill level 1 in Armour
   680 | D:1      | Reached XP level 3. HP: 28/28 MP: 3/3
  1672 | D:2      | Reached XP level 4. HP: 34/34 MP: 4/4
  1845 | D:2      | Found a radiant altar of Vehumet.
  2181 | D:3      | Reached XP level 5. HP: 20/40 MP: 5/5
  2759 | D:3      | Gained mutation: You sometimes gain a little power by taking damage. [demonic ancestry]
  2759 | D:3      | Reached XP level 6. HP: 35/47 MP: 6/6
  3082 | D:3      | HP: 1/47 [orc priest/divine providence (12)]
  4128 | D:4      | Noticed a sky beast
  4145 | D:4      | Killed a sky beast
  4145 | D:4      | Reached XP level 7. HP: 22/53 MP: 7/7
  4153 | D:4      | Gained mutation: Your magical capacity is low (-10% MP). [mutagenic meat]
  4154 | D:4      | Gained mutation: Your muscles are strong. (Str +2) [mutagenic meat]
  4155 | D:4      | Gained mutation: Your natural rate of healing is unusually fast. [mutagenic meat]
  4156 | D:4      | Gained mutation: You evolve. [mutagenic meat]
  4157 | D:4      | Gained mutation: Your flesh is heat resistant. [mutagenic meat]
  4253 | D:4      | Reached skill level 5 in Long Blades
  4616 | D:5      | Entered Level 5 of the Dungeon
  4961 | D:5      | Noticed Sigmund
  5020 | D:5      | Noticed Edmund
  5043 | D:5      | Killed Sigmund
  5211 | D:5      | Killed Edmund
  5308 | D:5      | Gained mutation: You are slightly more attuned to the shadows. [demonic ancestry]
  5308 | D:5      | Reached XP level 8. HP: 8/61 MP: 7/7
  5665 | D:6      | Found a deep blue altar of Sif Muna.
  5693 | D:6      | Reached skill level 5 in Fighting
  5774 | D:6      | Reached skill level 5 in Dodging
  6811 | D:7      | Found a staircase to the Ecumenical Temple.
  6824 | Temple   | Entered the Ecumenical Temple
  6932 | Temple   | Became a worshipper of Ru the Awakened
  6982 | D:7      | Reached skill level 5 in Armour
  6982 | D:7      | Reached XP level 9. HP: 24/71 MP: 8/8
  7002 | D:7      | Killed from afar by an orc wizard

Vault maps used:
D:1:      minmay_arrival_wavy_path, wad_floor_pattern_untrapped,
          serial_bayou_pond_a
D:2:      lemuel_coloured_pillars_altar, kennysheep_generic_room_5
D:4:      first_bread
D:5:      sigmund_edmund_badplayer
D:6:      kennysheep_orc_sif_temple, grunt_ministairs_10, minivault_1,
          minmay_door_square, uniq_edmund
D:7:      minmay_temple_entry_junction, nicolae_ossuary_entry_giza
Temple:   grunt_circular_temple_18

Skill      XL: |  1  2  3  4  5  6  7  8 |
---------------+-------------------------+-----
Armour         | 1 2 3 5 |  5.1
Long Blades    | 3 4 5 6 |  6.3
Dodging        | 3 4 5 |  5.5
Fighting       | 3 4 6 |  6.5
Throwing       | |  1.7

Action                   |  1- 3 |  4- 6 |  7- 9 || total
-------------------------+-------+-------+-------++-------
Melee: Long sword        |   149 |    27 |       ||   176
       Dire flail        |    37 |   173 |   181 ||   391
       Quarterstaff      |       |       |   100 ||   100
       Great sword       |       |       |    31 ||    31
  Use: Scroll            |     2 |     4 |     3 ||     9
       Potion            |       |     2 |     3 ||     5
 Stab: Sleeping          |     2 |     1 |     5 ||     8
  Eat: Chunk             |     3 |     6 |    11 ||    20
       Bread ration      |       |       |     1 ||     1
       Pizza             |       |       |     1 ||     1
